 Dungeon Crawl Stone Soup version 0.27-a0-1149-g4505690ab0 (webtiles) character file.

Game seed: 11755403251352185338

0 Lekart the Skirmisher (level 1, -4/19 HPs)
             Began as a Draconian Chaos Knight on May 13, 2021.
             Was a Plaything of Xom.
             Slain by a black mamba (shapeshifter) (7 damage)
             ... on level 1 of the Dungeon.
             The game lasted 00:00:13 (30 turns).

Lekart the Skirmisher (Draconian Chaos Knight)        Turns: 30, Time: 00:00:14

Health: -4/19      AC:  4    Str: 14    XL:     1   Next: 8%
Magic:  1/1        EV: 12    Int: 12    God:    Xom [..*...]
Gold:   0          SH:  0    Dex: 10    Spells: 0/0 levels left

rFire    . . .     SeeInvis .   a - +0 falchion (chaos)
rCold    . . .     Faith    .   (no shield)
rNeg     . . .     Spirit   .   (armour unavailable)
rPois    .         Reflect  .   (helmet restricted)
rElec    .         Harm     .   (no cloak)
rCorr    .         Rampage  .   (no gloves)
Will     .....                  (no boots)
Stlth    +.........             (no amulet)
HPRegen  0.06/turn              (no ring)
MPRegen  0.07/turn              (no ring)

@: lethally poisoned (-4 -> -11)
A: AC +4, unfitting armour, cold-blooded
a: Renounce Religion


You were on level 1 of the Dungeon.
You worshipped Xom.
You were a toy of Xom.
You visited 1 branch of the dungeon, and saw 1 of its levels.

Inventory:

Hand Weapons
 a - a +0 falchion of chaos (weapon)


   Skills:
 * Level 3.3 Fighting
 + Level 3.0 Long Blades
 + Level 2.1 Dodging


You couldn't memorise any spells.
You didn't know any spells.
Your spell library was empty.

Dungeon Overview and Level Annotations

Branches:
Dungeon (1/15)

Altars:


Innate Abilities, Weirdness & Mutations

Your plain brown scales are hard. (AC +4)
You cannot fit into any form of body armour.
You are cold-blooded and may be slowed by cold attacks.


Message History

You hit the black mamba but do no damage.
You tail-slap the black mamba.
The black mamba is moderately wounded.
There are monsters nearby!
You miss the black mamba.
The black mamba is moderately wounded.
The bat hits you but does no damage. The black mamba closely misses you.
You riposte.
You barely miss the black mamba.
The black mamba is moderately wounded.
The black mamba bites you.
You are lethally poisoned!
The black mamba poisons you! The kobold hits you but does no damage.
The bat closely misses you.
There is a lethal amount of poison in your body!
You closely miss the black mamba.
The black mamba is moderately wounded.
You feel very sick. The bat closely misses you. The black mamba bites you.
The black mamba closely misses you. The kobold barely misses you.
You barely miss the black mamba.
The black mamba is moderately wounded.
You feel very sick. The bat closely misses you.
You riposte.
You miss the bat.
The black mamba barely misses you. x2; The kobold hits you with a +0 whip.
You are too injured to fight recklessly!
You are too injured to fight recklessly!
You are too injured to fight recklessly!
You are too injured to fight recklessly!
You hit the black mamba.
The black mamba seems to slow down.
You freeze the black mamba.
The black mamba is moderately wounded.
* * * LOW HITPOINT WARNING * * *
You feel very sick. The bat closely misses you.
You riposte.
You hit the bat.
The bat is poisoned.
You tail-slap the bat.
You kill the bat!
The black mamba closely misses you. The kobold hits you but does no damage.
The black mamba bites you!
You die...
Xom chuckles heartily!

#....##.######
#....##.#....#
#.##.##.#.##.# #
#.#..##.#..#.#
###$####....##.#.<#.#
....#...#...##.####.#
####.................#
..?....†.#.....#######
.....#@.#..#.##
...>..SK##..#.#
..#.#..r##..#.#
............
#.#...#.#[.>.
.......#....#..
#.....#.#..#. ..
........# ## #.#


You could see a black mamba shaped shifter (slow), a quokka and a kobold.

Vanquished Creatures
  A bat (D:1)
  A rat (D:1)
2 creatures vanquished.

Notes
Turn   | Place    | Note
-------+----------+-------------------------------------------
     0 | D:1      | Lekart the Draconian Chaos Knight began the quest for the
                  | Orb.
     0 | D:1      | Reached XP level 1. HP: 19/19 MP: 1/1
    24 | D:1      | Noticed a shapeshifter
    24 | D:1      | a quokka changed into a shapeshifter
    25 | D:1      | Noticed a black mamba
    25 | D:1      | a shapeshifter changed into a black mamba
    30 | D:1      | Slain by a black mamba (shapeshifter)

Illustrated notes

Levels and vault maps discovered:
D:1:      zelgadis_glass_arrival_small, layout_loops_ring, st_stairs_2,
          serial_bayou_pond_c, kennysheep_pointless_box

Action                   || total
-------------------------++-------
Melee: Falchion          ||     8
       Tailslap          ||     3
Armor: Skin              ||     9
Dodge: Dodged            ||    16
       Rpst.: Falchion   ||     6

Table legend: (Time is in decaauts)
 A = Elapsed time spent in this place.
 B = Non-inter-level travel time spent in this place.
 C = Inter-level travel time spent in this place.
 D = Time resting spent in this place.
 E = Time spent auto-exploring this place.
 F = Levels seen in this place.
 G = Mean time per level.
                   A        B        C        D        E       F      G
               +--------+--------+--------+--------+--------+-----+--------+
         Total |     31 |     31 |      0 |      0 |     19 |   1 |   31.0 |
       Dungeon |     31 |     31 |      0 |      0 |     19 |   1 |   31.0 |
               +--------+--------+--------+--------+--------+-----+--------+

Top non-repeatable levels by time:
     D:1: 31 daAuts
